 Dungeon Crawl Stone Soup version 0.28-a0-533-g9f97627e2a (webtiles) character file.

Game seed: 6231727687861981656

5981 Gargoyl the Fighter (level 10, -8/82 HPs)
             Began as a Gnoll Abyssal Knight on Sept 26, 2021.
             Was an Elder of Lugonu.
             Mangled by an orc warrior (14 damage)
             ... on level 10 of the Dungeon.
             The game lasted 00:12:15 (8174 turns).

Gargoyl the Fighter (Gnoll Abyssal Knight)          Turns: 8174, Time: 00:12:16

Health: -8/82      AC: 12    Str: 16    XL:     10   Next: 85%
Magic:  18/18      EV: 11    Int:  9    God:    Lugonu [****..]
Gold:   528        SH: 12    Dex: 19    Spells: 20/20 levels left

rFire   + . .      SeeInvis .   e - +2 hand axe (flame)
rCold   . . .      Faith    .   d - +1 kite shield
rNeg    . . .      Spirit   .   o - +3 scale mail of Unreason {rPois}
rPois   +          Reflect  .   (no helmet)
rElec   .          Harm     .   (no cloak)
rCorr   .          Rampage  .   (no gloves)
Will    .....      NoCast   +   v - +0 pair of boots of the Barber Surgeon {-Cast +Blink rPois rF+}
Stlth   ++........              m - amulet of regeneration
HPRegen 1.23/turn               r - +6 ring of dexterity
MPRegen 0.16/turn               (no ring)

@: no status effects
A: fangs 1, strong nose, distributed training
a: Renounce Religion, Evoke Blink, Depart the Abyss, Bend Space, Banish, Corrupt


You were on level 10 of the Dungeon.
You worshipped Lugonu.
Lugonu was greatly pleased with you.
You visited 1 branch of the dungeon, and saw 10 of its levels.
You visited the Abyss 1 time.
You also visited: Ossuary and Bailey.

You collected 528 gold pieces.

Inventory:

Hand Weapons
 e - a +2 hand axe of flaming (weapon)
 F - a +4 spear of venom
 I - a +3 war axe
Missiles
 i - a throwing net
 k - 4 curare-tipped darts (quivered)
Armour
 d - a +1 kite shield (worn)
 o - the +3 scale mail of Unreason (worn) {rPois}
   (You found it on level 4 of the Dungeon)

   rPois:     It protects you from poison.
 p - a +2 pair of boots of flying
 v - the +0 pair of boots of the Barber Surgeon (worn) {-Cast +Blink rPois rF+}
   (You acquired it on level 6 of the Dungeon)

   rF:        It protects you from fire.
   rPois:     It protects you from poison.
   +Blink:    It lets you blink.
   -Cast:     It prevents spellcasting.
Jewellery
 m - an amulet of regeneration (around neck)
 r - a +6 ring of dexterity (left hand)
Wands
 b - a wand of polymorph (12)
 l - a wand of digging (6)
 q - a wand of acid (7)
 s - a wand of paralysis (23)
 G - a wand of flame (10)
Scrolls
 c - 8 scrolls of identify
 f - 2 scrolls of blinking
 t - 7 scrolls of torment
 u - 2 scrolls of teleportation
 y - a scroll of fog {unknown}
 A - 2 scrolls of fear
Potions
 g - 4 potions of haste
 h - a potion of berserk rage
 j - 2 potions of lignification
 n - a potion of curing
 w - 2 potions of brilliance {unknown}
 x - 2 potions of mutation {unknown}
 z - a potion of flight {unknown}
 B - 2 potions of magic {unknown}
 C - a potion of might {unknown}
 D - a potion of attraction {unknown}
 E - 2 potions of resistance {unknown}


   Skills:
 + Level 8.7 Fighting
 + Level 5.6 Short Blades
 + Level 5.6 Long Blades
 + Level 7.3 Axes
 + Level 5.6 Maces & Flails
 + Level 5.6 Polearms
 + Level 5.6 Staves
 + Level 5.6 Slings
 + Level 5.6 Bows
 + Level 5.6 Crossbows
 + Level 5.6 Throwing
 + Level 7.3 Armour
 + Level 6.3 Dodging
 + Level 5.6 Stealth
 + Level 5.6 Shields
 + Level 5.6 Unarmed Combat
 + Level 5.6 Spellcasting
 + Level 4.6 Conjurations
 + Level 4.6 Hexes
 + Level 4.6 Summonings
 + Level 4.6 Necromancy
 + Level 4.6 Translocations
 + Level 4.6 Transmutations
 + Level 4.6 Fire Magic
 + Level 4.6 Ice Magic
 + Level 4.6 Air Magic
 + Level 4.6 Earth Magic
 + Level 4.6 Poison Magic
 + Level 7.8 Invocations
 + Level 5.6 Evocations


You had 20 spell levels left.
You didn't know any spells.
Your spell library contained the following spells:

 Spells                   Type           Power      Damage    Failure   Level
 Freeze                   Ice            44%        1d6       34%         1
 Pain                     Necr           44%        1d6       34%         1
 Corpse Rot               Necr/Air       N/A        N/A       45%         2
 Frozen Ramparts          Ice            22%        1d4       71%         3
 Portal Projectile        Hex/Tloc       22%        N/A       71%         3
 Dispel Undead            Necr           11%        3d9       98%         4
 Hailstorm                Conj/Ice       11%        3d5       98%         4
 Agony                    Necr           11%        N/A       100%        5
 Blade Hands              Tmut           5%         N/A       100%        5
 Excruciating Wounds      Necr           5%         N/A       100%        5
 Death Channel            Necr           5%         N/A       100%        6


Dungeon Overview and Level Annotations

Branches:
Dungeon (10/15)            Temple (0/1) D:4         Ossuary (visited)
 Bailey (visited)
   Lair: D:8-11         Orc: D:9-12

Altars:
Dithmenos

Annotations:
Abyss:1 Psyche


Innate Abilities, Weirdness & Mutations

You have very sharp teeth.
Your uncanny sense of smell can sniff out nearby items.
Your experience applies equally to all skills.


Message History

You hit the orc warrior but do no damage.
The troll bites you!
* * * LOW HITPOINT WARNING * * *
You block the troll's attack. x2
The orc warrior hits you with a +0 halberd!
* * * LOW HITPOINT WARNING * * *
You hit the troll. You burn the troll.
The troll is severely wounded.
You hit the orc warrior. You burn the orc warrior.
The orc warrior closely misses you. You block the troll's attack. x2
The troll claws you but does no damage.
Unknown command.
You closely miss the troll.
The troll is severely wounded.
You hit the orc warrior. You burn the orc warrior. The troll bites you.
* * * LOW HITPOINT WARNING * * *
The troll claws you.
* * * LOW HITPOINT WARNING * * *
The troll misses you. You block the orc warrior's attack.
You slash the troll! You burn the troll. Your bite misses the troll.
The troll is almost dead.
You hit the orc warrior but do no damage.
The orc warrior hits you with a +0 halberd.
* * * LOW HITPOINT WARNING * * *
The troll bites you but does no damage. The troll claws you but does no damage.
The troll barely misses you.
You slash the troll! You burn the troll.
You kill the troll!
Lugonu accepts your kill.
You slash the orc warrior! You burn the orc warrior.
You block the orc warrior's attack.
Unknown command.
The orc warrior misses you.
You see here a troll corpse.
Unknown command.
You closely miss the orc warrior.
The orc warrior is severely wounded.
You block the orc warrior's attack.
The orc warrior hits you with a +0 halberd!
You die...

.........#.......#♣..
...................♣
...................♣
...................♣
#.<..............#♣...♣
##..............!# .♣
###...........##.#
#.............##o#
..............#.@#
.................#
...........##.#..#
...##......#####.#
#.........## #.#
##.##..#..## #.#
####......# #.#
##.##.## ..# ###### ..#


You could see an orc warrior.

Vanquished Creatures
  A two-headed ogre (D:9)
  A troll (D:10)
  Prince Ribbit (D:7)
  A wraith (D:9)
  A wyvern (D:8)
  A steam dragon (D:9)
  A water moccasin (D:6)
  4 orc warriors
  2 ice beasts
  3 necrophages
  An ogre (D:4)
  2 centaurs
  A phantom (D:4)
  A kobold brigand (D:7)
  2 bullfrogs (D:6)
  A scorpion (D:7)
  A water moccasin zombie (D:6)
  A water moccasin skeleton (D:6)
  12 killer bees
  3 wights (D:9)
  5 centaur zombies
  2 jellies
  6 orc priests
  A centaur skeleton (D:6)
  3 hounds
  7 orc wizards
  2 iguanas
  A scorpion zombie (D:5)
  2 killer bee zombies (Ossuary)
  A hound zombie (D:5)
  2 hound skeletons
  18 mummies
  3 howler monkey zombies
  4 adders
  A howler monkey skeleton (D:6)
  A shadow imp (D:7)
  A white imp (D:6)
  An adder skeleton (D:4)
  4 dart slugs
  A worm (D:2)
  25 orcs
  11 ball pythons
  2 bats
  9 endoplasms
  3 giant cockroaches
  5 goblins
  7 hobgoblins
  6 jackals
  3 frilled lizards
  11 kobolds
  4 rats
193 creatures vanquished.

Vanquished Creatures (others)
  An orc (D:10)
  12 plants (D:7)
  8 withered plants (Ossuary)
21 creatures vanquished.

Grand Total: 214 creatures vanquished

Notes
Turn   | Place    | Note
-------+----------+-------------------------------------------
     0 | Abyss:1  | Gargoyl the Gnoll Abyssal Knight began the quest for the
                  | Orb.
     0 | Abyss:1  | Reached XP level 1. HP: 23/23 MP: 3/3
    14 | Abyss:1  | Found a corrupted altar of Lugonu.
    53 | Abyss:1  | Noticed a smoke demon
    82 | Abyss:2  | Noticed a wretched star
    97 | Abyss:3  | Found a corrupted altar of Lugonu.
   107 | Abyss:3  | Noticed a hell hog
   109 | Abyss:3  | Noticed a hell hog
   109 | Abyss:3  | Noticed a hell hog
   110 | D:1      | Escaped the Abyss
   211 | D:1      | Reached XP level 2. HP: 26/29 MP: 5/5
   222 | D:1      | Reached * piety under Lugonu
   563 | D:1      | Reached XP level 3. HP: 35/35 MP: 6/6
  1480 | D:2      | Reached skill level 1 in Short Blades
  1480 | D:2      | Reached skill level 1 in Long Blades
  1480 | D:2      | Reached skill level 1 in Maces & Flails
  1480 | D:2      | Reached skill level 1 in Polearms
  1480 | D:2      | Reached skill level 1 in Staves
  1480 | D:2      | Reached skill level 1 in Slings
  1480 | D:2      | Reached skill level 1 in Bows
  1480 | D:2      | Reached skill level 1 in Crossbows
  1480 | D:2      | Reached skill level 1 in Throwing
  1480 | D:2      | Reached skill level 1 in Stealth
  1480 | D:2      | Reached skill level 1 in Shields
  1480 | D:2      | Reached skill level 1 in Unarmed Combat
  1480 | D:2      | Reached skill level 1 in Spellcasting
  1480 | D:2      | Reached skill level 1 in Evocations
  1653 | D:2      | Reached XP level 4. HP: 41/41 MP: 7/7
  2212 | D:3      | Reached skill level 1 in Conjurations
  2212 | D:3      | Reached skill level 1 in Hexes
  2212 | D:3      | Reached skill level 1 in Summonings
  2212 | D:3      | Reached skill level 1 in Necromancy
  2212 | D:3      | Reached skill level 1 in Translocations
  2212 | D:3      | Reached skill level 1 in Transmutations
  2212 | D:3      | Reached skill level 1 in Fire Magic
  2212 | D:3      | Reached skill level 1 in Ice Magic
  2212 | D:3      | Reached skill level 1 in Air Magic
  2212 | D:3      | Reached skill level 1 in Earth Magic
  2212 | D:3      | Reached skill level 1 in Poison Magic
  2218 | D:3      | Reached ** piety under Lugonu
  2475 | D:3      | Noticed a necrophage
  2487 | D:3      | Killed a necrophage
  2488 | D:3      | Reached XP level 5. HP: 38/47 MP: 8/8
  2607 | D:3      | Found a faded altar of an unknown god.
  2817 | D:4      | Identified the +3 scale mail of Unreason {rPois}
  2852 | D:4      | Noticed a phantom
  2860 | D:4      | Reached skill level 5 in Invocations
  2860 | D:4      | Reached XP level 6. HP: 44/53 MP: 9/9
  2887 | D:4      | Reached skill level 5 in Axes
  2887 | D:4      | Reached skill level 5 in Armour
  2934 | D:4      | Found a staircase to the Ecumenical Temple.
  3517 | D:5      | Entered Level 5 of the Dungeon
  3677 | D:4      | Reached skill level 7 in Fighting
  3677 | D:4      | Reached XP level 7. HP: 35/60 MP: 10/10
  3941 | D:5      | Identified a scroll of acquirement
  3941 | D:5      | Acquired a +2 pair of boots of flying
  3983 | D:5      | Found a shadowy altar of Dithmenos.
  4297 | D:6      | Reached XP level 8. HP: 59/67 MP: 12/12
  4298 | D:6      | Reached *** piety under Lugonu
  4855 | D:6      | Acquired the +0 pair of boots of the Barber Surgeon {-Cast
                  | +Blink rPois rF+}
  4973 | D:7      | Found a sand-covered staircase.
  4989 | Ossuary  | Entered an ossuary
  5023 | Ossuary  | Reached XP level 9. HP: 72/72 MP: 14/14
  5191 | Ossuary  | Reached **** piety under Lugonu
  5601 | D:7      | Reached skill level 5 in Dodging
  5662 | D:7      | Noticed a hornet
  5671 | D:7      | Banished a hornet
  5778 | D:7      | Noticed Prince Ribbit
  5789 | D:7      | Killed Prince Ribbit
  5790 | D:7      | Reached skill level 8 in Fighting
  6154 | D:8      | Found a flagged portal.
  6169 | Bailey   | Entered a bailey
  6170 | Bailey   | Noticed an orc knight
  6213 | D:8      | Reached XP level 10. HP: 20/80 MP: 17/17
  6417 | D:8      | Noticed a cyclops
  6417 | D:8      | Noticed a two-headed ogre
  6419 | D:8      | Noticed a centaur warrior
  6421 | D:8      | Noticed a death knight
  6571 | D:8      | Identified the +3 leather armour of Stained Freedom
                  | {Rampage +Blink rC- rN+}
  6833 | D:9      | Reached skill level 5 in Short Blades
  6833 | D:9      | Reached skill level 5 in Long Blades
  6833 | D:9      | Reached skill level 5 in Maces & Flails
  6833 | D:9      | Reached skill level 5 in Polearms
  6833 | D:9      | Reached skill level 5 in Staves
  6833 | D:9      | Reached skill level 5 in Slings
  6833 | D:9      | Reached skill level 5 in Bows
  6833 | D:9      | Reached skill level 5 in Crossbows
  6833 | D:9      | Reached skill level 5 in Throwing
  6833 | D:9      | Reached skill level 5 in Stealth
  6833 | D:9      | Reached skill level 5 in Shields
  6833 | D:9      | Reached skill level 5 in Unarmed Combat
  6833 | D:9      | Reached skill level 5 in Spellcasting
  6833 | D:9      | Reached skill level 5 in Evocations
  7406 | D:10     | Entered Level 10 of the Dungeon
  7452 | D:10     | Noticed Psyche
  7645 | D:9      | HP: 1/82 [Psyche/bolt of acid (24)]
  7648 | D:9      | Banished Psyche
  7719 | D:10     | Noticed a two-headed ogre
  7759 | D:9      | Killed a two-headed ogre
  8170 | D:10     | HP: 3/82 [troll (6)]
  8174 | D:10     | Mangled by an orc warrior

Illustrated notes

Levels and vault maps discovered:
D:1:      dpeg_arrival_rooms_b, layout_loops_ring, serial_rivers,
          chequers_serial_rivers_marsh, chequers_serial_rivers_room_a,
          chequers_serial_rivers_micro_d, chequers_serial_rivers_micro_d
D:2:      layout_basic
D:3:      layout_rooms, shapermc_ecumenical_altar_ellora
D:4:      layout_cave_pods, temple_doors_e, minmay_misc_feat_diagonals
D:5:      layout_cave_pools, nicolae_dithmenos_the_darkroom,
          corexii_corridor_pit, kennysheep_generic_room_10
D:6:      layout_rooms
D:7:      layout_cave_pools, gup_ossuary_entry_pyramid, grunt_decor_fettered,
          minivault_1, serial_bayou_lagoon_a, kennysheep_cross_room,
          uniq_prince_ribbit1
D:8:      layout_cave_pools, enter_bailey_2, minivault_12
D:9:      layout_gridville, palyth_stone_intersect
D:10:     nzn_winding_woodlands_medium [nzn_winding_woodlands_5x5_perimeter,
          nzn_winding_woodlands_5x15_zeroes,
          nzn_winding_woodlands_5x5_checkerboard,
          nzn_winding_woodlands_5x5_closed_star,
          nzn_winding_woodlands_center_garden, nzn_winding_woodlands_hourglass,
          nzn_winding_woodlands_5x5_default, nzn_winding_woodlands_5x15_jagged,
          nzn_winding_woodlands_5x5_default], layout_cross,
          gammafunk_temple_overflow_claw, minmay_three_doors, uniq_psyche

Skill      XL: |  1  2  3  4  5  6  7  8  9 10 |
---------------+-------------------------------+-----
Short Blades   | 1 2 3 4 5 |  5.6
Long Blades    | 1 2 3 4 5 |  5.6
Maces & Flails | 1 2 3 4 5 |  5.6
Polearms       | 1 2 3 4 5 |  5.6
Staves         | 1 2 3 4 5 |  5.6
Slings         | 1 2 3 4 5 |  5.6
Bows           | 1 2 3 4 5 |  5.6
Crossbows      | 1 2 3 4 5 |  5.6
Throwing       | 1 2 3 4 5 |  5.6
Stealth        | 1 2 3 4 5 |  5.6
Shields        | 1 2 3 4 5 |  5.6
Unarmed Combat | 1 2 3 4 5 |  5.6
Spellcasting   | 1 2 3 4 5 |  5.6
Evocations     | 1 2 3 4 5 |  5.6
Conjurations   | 1 2 3 4 |  4.6
Hexes          | 1 2 3 4 |  4.6
Summonings     | 1 2 3 4 |  4.6
Necromancy     | 1 2 3 4 |  4.6
Translocations | 1 2 3 4 |  4.6
Transmutations | 1 2 3 4 |  4.6
Fire Magic     | 1 2 3 4 |  4.6
Ice Magic      | 1 2 3 4 |  4.6
Air Magic      | 1 2 3 4 |  4.6
Earth Magic    | 1 2 3 4 |  4.6
Poison Magic   | 1 2 3 4 |  4.6
Dodging        | 3 4 5 6 |  6.3
Invocations    | 5 6 7 |  7.8
Axes           | 5 6 7 |  7.3
Armour         | 5 6 7 |  7.3
Fighting       | 7 8 |  8.7

Action                   |  1- 3 |  4- 6 |  7- 9 | 10-12 || total
-------------------------+-------+-------+-------+-------++-------
Melee: Hand axe          |   110 |   132 |   376 |   192 ||   810
       Bite              |     5 |    11 |    56 |    29 ||   101
Throw: Dart              |       |     1 |     3 |     5 ||     9
Invok: Depart the Abyss  |     1 |       |       |       ||     1
       Banish            |       |       |     1 |     3 ||     4
Evoke: Wand              |     1 |       |     1 |       ||     2
  Use: Potion            |     1 |       |     1 |     2 ||     4
       Scroll            |     1 |     8 |     6 |     4 ||    19
 Stab: Sleeping          |       |       |       |     1 ||     1
Armor: Chain mail        |    90 |   104 |       |       ||   194
       Scale mail        |       |    26 |   191 |    94 ||   311
Dodge: Dodged            |     8 |    46 |   182 |   106 ||   342
Block: Kite shield       |    45 |    60 |   269 |   162 ||   536

Table legend: (Time is in decaauts)
 A = Elapsed time spent in this place.
 B = Non-inter-level travel time spent in this place.
 C = Inter-level travel time spent in this place.
 D = Time resting spent in this place.
 E = Time spent auto-exploring this place.
 F = Levels seen in this place.
 G = Mean time per level.
                   A        B        C        D        E       F      G
               +--------+--------+--------+--------+--------+-----+--------+
         Total |   8470 |   8233 |    237 |    414 |   5482 |  15 |  564.7 |
       Dungeon |   7788 |   7551 |    237 |    414 |   5145 |  10 |  778.8 |
         Abyss |    109 |    109 |      0 |      0 |     52 |   3 |   36.3 |
       Ossuary |    566 |    566 |      0 |      0 |    285 |   1 |  566.0 |
        Bailey |      5 |      5 |      0 |      0 |      0 |   1 |    5.0 |
               +--------+--------+--------+--------+--------+-----+--------+

Top non-repeatable levels by time:
     D:2: 1171 daAuts
     D:9: 1111 daAuts
     D:1: 972 daAuts
     D:4: 831 daAuts
     D:7: 780 daAuts
     D:3: 704 daAuts
     D:5: 636 daAuts
     D:6: 606 daAuts
 Ossuary: 566 daAuts
     D:8: 497 daAuts
    D:10: 475 daAuts
 Abyss:1: 70 daAuts
 Abyss:3: 23 daAuts
 Abyss:2: 15 daAuts
  Bailey: 5 daAuts
